AoeStats
← julius

Arabia

510109566Analyzed
1v1 RM · 1d ago on Sep 29, 2026· 44m 33s· 2 players
Game mode
Random Map
Map size
Tiny (2 player)
Population
200
Speed
Normal
Resources
Standard
Victory
Conquest
Starting age
Dark Age
Ending age
Imperial Age
RankedLock teamsTeams togetherTeam positionsShared explorationLock speedFull tech treeHidden civsTurbo modeCheats
Victory
Defeat
🇩🇪 Magyars · Germany
1047
+17
🇺🇾 Mongols · Uruguay
1074
-17
Sypha
6:47 Loom
9:07 Feudal Age
9:55 Double-Bit Axe
14:16 Wheelbarrow
14:26 Scale Barding Armor
20:17 Castle Age
18:46 Fletching
19:14 Horse Collar
19:58 Padded Archer Armor
21:19 Bodkin Arrow
25:03 Husbandry
25:42 Bloodlines
25:52 Bow Saw
27:25 Leather Archer Armor
33:33 Chain Barding Armor
38:51 Imperial Age
37:18 Hand Cart
37:51 Gold Mining
37:52 Stone Mining
38:52 Ballistics
39:18 Heavy Plow
40:39 Chemistry
40:36 Elite Skirmisher
41:28 Cavalier
42:58 Bracer
julius
4:58 Loom
10:56 Feudal Age
18:05 Castle Age
17:32 Double-Bit Axe
17:47 Horse Collar
19:58 Bow Saw
20:56 Wheelbarrow
22:34 Stone Mining
24:59 Elite Skirmisher
26:14 Fletching
27:31 Padded Archer Armor
27:48 Town Watch
29:17 Hand Cart
29:51 Gold Mining
30:49 Bodkin Arrow
31:47 Leather Archer Armor
35:25 Imperial Age
33:11 Thumb Ring
33:07 Corvinian Army
33:52 Bloodlines
33:58 Heavy Plow
34:44 Gold Shaft Mining
34:55 Scale Barding Armor
34:57 Husbandry
36:45 Conscription
35:50 Light Cavalry
37:27 Recurve Bow
38:12 Ballistics
38:53 Chemistry
38:12 Bracer
39:03 Crop Rotation
39:34 Two-Man Saw
39:11 Chain Barding Armor
39:05 Masonry
39:14 Heavy Cavalry Archer
41:17 Plate Barding Armor
41:42 Ring Archer Armor
42:21 Parthian Tactics
44:14 Hussar
Connection lost

Rejoining the realm…

Still unreachable

The connection could not be restored.

Session expired

The server has moved on; the page needs a fresh start.